 Dungeon Crawl Stone Soup version 0.22-a0-467-g5c5de1c (webtiles) character file.

2 mhoghedin the Conjurer (level 1, -1/10 HPs)
             Began as a Kobold Conjurer on June 10, 2018.
             Slain by a jackal (2 damage)
             ... on level 1 of the Dungeon.
             The game lasted 00:00:34 (203 turns).

mhoghedin the Conjurer (Kobold Conjurer)             Turns: 203, Time: 00:00:35

Health: -1/10      AC:  2    Str:  5    XL:     1   Next: 44%
Magic:  0/3        EV: 15    Int: 16    God:
Gold:   0          SH:  0    Dex: 15    Spells: 3/4 levels left

rFire    . . .     SeeInvis .   (weapon restricted)
rCold    . . .     Gourm    .   (shield restricted)
rNeg     . . .     Faith    .   a - +0 robe
rPois    .         Spirit   .   (no helmet)
rElec    .         Reflect  .   (no cloak)
rCorr    .         Harm     .   (no gloves)
MR       .....                  (no boots)
Stlth    ++........             (no amulet)
HPRegen  0.03/turn              (no ring)
MPRegen  0.08/turn              (no ring)

@: no status effects
A: small, carnivore
a: no special abilities


You were on level 1 of the Dungeon.
You were full.

You visited 1 branch of the dungeon, and saw 1 of its levels.

Inventory:

Armour
 a - a +0 robe (worn)
Comestibles
 c - a ration


   Skills:
 - Level 2.4 Dodging
 - Level 2.7 Stealth
 - Level 2.2 Spellcasting
 + Level 4.1 Conjurations


You had 3 spell levels left.
You knew the following spells:

 Your Spells              Type           Power        Failure   Level  Hunger
a - Magic Dart            Conj           ##..         3%          1    #......

Your spell library contained the following spells:

 Spells                   Type           Power        Failure   Level  Hunger
 Iskenderun's Mystic Bla  Conj           ##......     36%         4    #####..
 Fulminant Prism          Conj/Hex       #.........   65%         4    #####..
 Dazzling Spray           Conj/Hex       #.....       26%         3    ###....
 Force Lance              Conj/Tloc      #.......     65%         4    #####..
 Searing Ray              Conj           ##....       6%          2    ###....


Dungeon Overview and Level Annotations

Branches:
Dungeon (1/15)

Altars:


Innate Abilities, Weirdness & Mutations

You are small and have problems with some larger weapons.
You are carnivorous and can eat meat at any time.


Message History

Welcome, mhoghedin the Kobold Conjurer.
The bosom of this dungeon contains the fabled artefact, the Orb of Zot.
Found a staircase leading out of the dungeon.
A giant cockroach comes into view.
You don't know that spell.
Aim: a giant cockroach (clinging, resting)
The magic dart hits the giant cockroach.
You now have 2/3 mp.
Aim: a giant cockroach (heavily wounded, clinging)
The magic dart hits the giant cockroach.
You now have 1/3 mp.
Aim: a giant cockroach (severely wounded)
The magic dart hits the giant cockroach.
You now have 0/3 mp.
You don't have enough magic to cast that spell.
The giant cockroach closely misses you. The giant cockroach bites you.
You take 1 damage, and have 9/10 hp.
The giant cockroach bites you.
You take 1 damage, and have 8/10 hp.
The giant cockroach misses you.
The giant cockroach waves its antennae.
The giant cockroach misses you.
The giant cockroach bites you but does no damage.
Aim: a giant cockroach (heavily wounded, clinging)
The magic dart hits the giant cockroach.
The giant cockroach waves its antennae.
The giant cockroach misses you.
You now have 0/3 mp.
You barely miss the giant cockroach. The giant cockroach closely misses you.
You closely miss the giant cockroach. The giant cockroach closely misses you.
The giant cockroach bites you.
You take 2 damage, and have 7/10 hp.
You hit the giant cockroach but do no damage.
The giant cockroach bites you.
You take 1 damage, and have 6/10 hp.
You barely miss the giant cockroach. The giant cockroach closely misses you.
You hit the giant cockroach but do no damage.
The giant cockroach misses you.
The giant cockroach waves its antennae.
The giant cockroach completely misses you.
Aim: a giant cockroach (moderately wounded, clinging)
The magic dart hits the giant cockroach.
You kill the giant cockroach!
You now have 0/3 mp.
You see here a giant cockroach corpse.
You butcher the giant cockroach corpse.
b - 2 chunks of flesh {@w0} You start resting.
Eating one of 2 chunks of flesh {@w0}.
You eat one of the 2 chunks of flesh {@w0}.
This raw flesh tastes great.
Eating a chunk of flesh {@w0}.
You eat the chunk of flesh {@w0}.
This raw flesh tastes great.
Health restored: 10; MP restored: 3 2 jackals come into view.
The jackal barks!
You hear a bark!
Aim: a jackal The magic dart hits the jackal.
The jackal barks!
You hear a shout!
You now have 2/3 mp.
Aim: a jackal (severely wounded)
The magic dart hits the jackal.
You kill the jackal!
You now have 1/3 mp.
The jackal closely misses you. The jackal closely misses you.
The jackal misses you.
Aim: a jackal The magic dart hits the jackal.
The jackal barely misses you. The jackal bites you.
You take 2 damage, and have 8/10 hp.
You now have 1/3 mp.
Aim: a jackal The magic dart hits the jackal.
The jackal closely misses you.
You now have 0/3 mp.
You barely miss the jackal. The jackal completely misses you.
You closely miss the jackal. The jackal closely misses you.
The jackal bites you.
You take 3 damage, and have 5/10 hp.
MASSIVE DAMAGE!!
The jackal barely misses you. The jackal bites you.
You take 1 damage, and have 4/10 hp.
The jackal barely misses you.
Aim: a jackal The magic dart hits the jackal.
The jackal bites you.
* * * LOW HITPOINT WARNING * * *
The jackal bites you.
* * * LOW HITPOINT WARNING * * *
You take 3 damage, and have 1/10 hp.
MASSIVE DAMAGE!!
You now have 0/3 mp.
The jackal bites you but does no damage.
A hobgoblin comes into view. It is wielding a club.
The jackal closely misses you. The jackal bites you.
* * * LOW HITPOINT WARNING * * *
You take 1 damage, and have 1/10 hp.
The jackal bites you.
You die...

#..............#
#####...#......#
#...#......####
##...#..........
#...##......##..
##...##......###.
##...###....#.....
##h.[##
#.........# #.@.##
#....#####. #g..#
#.....#.... #...##
##..#..#... #...#
#..#... #...#
...#.... ...##
..#####. .###
......# #. .......
.......


You could see a jackal and a hobgoblin (sleeping).

Vanquished Creatures
  A giant cockroach (D:1)
  A jackal (D:1)
2 creatures vanquished.

Notes
Turn   | Place    | Note
-------+----------+-------------------------------------------
     0 | D:1      | mhoghedin the Kobold Conjurer began the quest for the Orb.
     0 | D:1      | Reached XP level 1. HP: 10/10 MP: 3/3
   195 | D:1      | HP: 1/10 [jackal (2)]
   201 | D:1      | HP: 1/10 [jackal (1)]
   203 | D:1      | Slain by a jackal

Vault maps used:
D:1:      scummos_arrival_star, serial_curves, eino_curves_02, eino_curves_01

Action                   || total
-------------------------++-------
Melee: Unarmed           ||     7
 Cast: Magic Dart        ||    10
  Eat: Chunk             ||     2
Armor: Robe              ||     2
Dodge: Dodged            ||    19

Table legend:
 A = Spawn XP
 B = Non-spawn XP
 C = Spawn XP percentage of total XP
 D = Spawn monster count
 E = Non-spawn monster count
 F = Spawn count percentage of total count
 G = Total turns spent on level
                    A         B        C        D         E        F      G
               +---------+---------+-------+---------+---------+-------+---------
         Total |       0 |       4 |   0.0 |       0 |       2 |   0.0 |   203
               +---------+---------+-------+---------+---------+-------+---------
           D:1 |       0 |       4 |   0.0 |       0 |       2 |   0.0 |   203
               +---------+---------+-------+---------+---------+-------+---------

Vault maps used:
D:1:      scummos_arrival_star, serial_curves, eino_curves_02, eino_curves_01

Table legend:
 A = Turns spent in this place as a percentage of turns spent in the entire game.
 B = Non-inter-level travel turns spent in this place as a percentage of non-inter-level travel turns spent in the entire game.
 C = Inter-level travel turns spent in this place as a percentage of turns spent in this place.
 D = Turns resting spent in this place as a percentage of non-inter-level travel turns spent in this place.
 E = Turns spent auto-exploring this place as a percentage of non-inter-level travel turns spent in this place.
 F = Non-inter-level travel turns spent in this place divided by the number of levels of this place that you've seen.
                   A       B       C       D       E      F
               +-------+-------+-------+-------+-------+----------------------
         Total | 100.0 | 100.0 |   0.0 |  59.1 |   7.9 | 203.0
       Dungeon | 100.0 | 100.0 |   0.0 |  59.1 |   7.9 | 203.0
               +-------+-------+-------+-------+-------+----------------------

Table legend:
 A = Kills in this place as a percentage of kills in entire the game.
 B = Kills by you in this place as a percentage of kills by you in the entire game.
 C = Kills by friends in this place as a percentage of kills by friends in the entire game.
 D = Other kills in this place as a percentage of other kills in the entire game.
 E = Experience gained in this place as a percentage of experience gained in the entire game.
 F = Experience gained in this place divided by the number of levels of this place that you have seen.
                   A       B       C       D       E      F
               +-------+-------+-------+-------+-------+----------------------
         Total | 100.0 | 100.0 |   N/A |   N/A | 100.0 |   4.0
       Dungeon | 100.0 | 100.0 |   N/A |   N/A | 100.0 |   4.0
               +-------+-------+-------+-------+-------+----------------------
